 Dungeon Crawl Stone Soup version 0.30-a0-782-ge64f9170bb (webtiles) character file.

Game seed: 9677800389817229749

2264 mopl the Skirmisher (level 9, -2/49 (53) HPs)
             Began as an Octopode Hexslinger on Mar 2, 2023.
             Was a Believer of Fedhas.
             Killed from afar by a steam dragon (9 damage)
             ... with a ball of steam
             ... on level 7 of the Dungeon.
             The game lasted 00:16:44 (7941 turns).

mopl the Skirmisher (Octopode Hexslinger)           Turns: 7941, Time: 00:16:44

HP:   -2/49 (53)    AC:  1    Str:  9    XL:     9   Next: 38%
MP:   0/23          EV: 14    Int: 15    God:    Fedhas [**....]
Gold: 74            SH:  0    Dex: 23    Spells: 4/15 levels left

rFire   . . .      SeeInvis +    b - +0 short sword (drain)
rCold   . . .      Faith    .    (no shield)
rNeg    . . .      Spirit   +    (helmet restricted)
rPois   .          Reflect  .    l - amulet of guardian spirit
rElec   .          Harm     .    p - ring of see invisible
rCorr   .          Rampage  .    t - ring of magical power
Will    .....                    f - +6 ring of dexterity
Stlth   +++                      (no ring)
HPRegen 0.28/turn                (no ring)
MPRegen 0.18/turn                (no ring)
                                 (no ring)
                                 (no ring)

@: lethally poisoned (-2 -> -16), about to teleport, drained
A: almost no armour, amphibious, 8 rings, camouflage 1, gelatinous body 1,
(nimble swimmer 1), tentacles
a: Renounce Religion, Wall of Briars


You were on level 7 of the Dungeon.
You worshipped Fedhas.
Fedhas was pleased with you.
You visited 2 branches of the dungeon, and saw 8 of its levels.

You collected 353 gold pieces.
You spent 279 gold pieces at shops.

Inventory:

Hand Weapons
 a - a +1 sling
 b - a +0 short sword of draining (weapon)
 z - a +1 spear of freezing
 E - a +4 short sword
 F - a +4 dagger of freezing
Missiles
 i - 6 poisoned darts
 m - 3 boomerangs
 G - 3 throwing nets
Armour
 H - a +0 kite shield
Jewellery
 f - a +6 ring of dexterity (on tentacle)
 l - an amulet of guardian spirit (around mantle)
 o - an amulet of the acrobat
 p - a ring of see invisible (left tentacle)
 t - a ring of magical power (right tentacle)
Wands
 D - a wand of polymorph (10)
Scrolls
 c - 6 scrolls of magic mapping {unknown}
 k - 2 scrolls of amnesia
 n - 2 scrolls of teleportation
 r - 2 scrolls of enchant armour {unknown}
 s - 3 scrolls of blinking {unknown}
 v - 5 scrolls of fog {unknown}
 w - 3 scrolls of fear {unknown}
 y - 3 scrolls of poison
 A - 2 scrolls of silence {!r}
 B - 2 scrolls of vulnerability
Potions
 d - a potion of magic
 e - a potion of invisibility
 g - 3 potions of brilliance
 h - a potion of lignification {!q}
 j - a potion of curing
 q - 2 potions of heal wounds
 u - 2 potions of might
 x - a potion of ambrosia
 C - a potion of mutation {!q}


   Skills:
 - Level 1.0 Fighting
 * Level 8.3 Ranged Weapons
 - Level 2.0 Dodging
 + Level 3.8 Spellcasting
 + Level 6.3 Hexes
 - Level 3.0 Translocations
 + Level 5.1 Invocations


You had 4 spell levels left.
You knew the following spells:

 Your Spells              Type           Power      Damage    Failure   Level
a - Slow                  Hex            88%        N/A       1%          1
f - Portal Projectile     Hex/Tloc       32%        N/A       9%          3
h - Inner Flame           Hex/Fire       12%        N/A       16%         3
F - Cause Fear            Hex            11%        N/A       13%         4

Your spell library contained the following spells:

 Spells                   Type           Power      Damage    Failure   Level
 Beastly Appendage        Tmut           4%         N/A       19%         1
 Freeze                   Ice            8%         1d3       19%         1
 Magic Dart               Conj           8%         1d3       19%         1
 Sting                    Tmut/Pois      8%         1d3       19%         1
 Poisonous Vapours        Pois/Air       4%         N/A       28%         2
 Sublimation of Blood     Necr           2%         N/A       28%         2
 Wereblood                Tmut           2%         N/A       28%         2
 Frozen Ramparts          Ice            4%         1d1       50%         3
 Hailstorm                Conj/Ice       2%         3d3       50%         3
 Spider Form              Tmut/Pois      2%         N/A       50%         3
 Olgreb's Toxic Radiance  Pois           2%         N/A       88%         4
 Summon Lightning Spire   Summ/Air       2%         N/A       88%         4
 Storm Form               Tmut/Air       1%         N/A       100%        7
 Summon Hydra             Summ           1%         N/A       100%        7
 Maxwell's Capacitive Co  Air            1%         ∞         100%        8


Dungeon Overview and Level Annotations

Branches:
Dungeon (7/15)             Temple (1/1) D:4

Altars:
Ashenzari
Cheibriados
Dithmenos
Elyvilon
Fedhas
Kikubaaqudgha
Makhleb
Nemelex Xobeh
Okawaru
Qazlal
Ru
Sif Muna
Trog
Uskayaw
Vehumet
Wu Jian
Xom
Yredelemnul
Zin
The Shining One

Shops:
D:2 *   D:6 ?


Innate Abilities, Weirdness & Mutations

You cannot wear most types of armour.
You are amphibious.
You can wear up to eight rings at the same time.
Your skin changes colour to match your surroundings (Stealth+).
Your rubbery body absorbs attacks. (AC +1, EV +1)
((You are camouflaged when in or above water. (Stealth+)))
You have tentacles for arms and can constrict up to eight enemies at once.


Message History

You hit the steam dragon.
The steam dragon is severely wounded.
The killer bee stings you but does no damage.
The killer bee stings you. The steam dragon bites you.
The steam dragon barely misses you.
Really wriggle into that cloud of steam?
Okay, then.
You completely miss the steam dragon.
The steam dragon is severely wounded.
The killer bee barely misses you.
The killer bee stings you but does no damage.
The steam dragon bites you. The steam dragon closely misses you.
An orc comes into view. It is wielding a +0 morningstar.
The steam dragon attacks as you move away!
The steam dragon bites you.
The steam dragon closely misses you. 2 orcs come into view.
Found a scroll of vulnerability.
A hound comes into view.
A killer bee comes into view.
The orc moves out of view. x2
As you read the scroll of teleportation, it crumbles to dust.
You feel strangely unstable. The steam dragon barely misses you.
The steam dragon claws you.
An orc comes into view. It is wielding a +2 antimagic hand axe.
An orc comes into view. It is wielding a +0 whip.
An orc comes into view. It is wielding a +0 hand axe.
The killer bee stings you.
You are poisoned.
The killer bee poisons you!
You closely miss the steam dragon.
The steam dragon is severely wounded.
You feel sick. The killer bee stings you.
* * * LOW HITPOINT WARNING * * *
You are lethally poisoned!
The killer bee poisons you! The killer bee stings you!
* * * LOW HITPOINT WARNING * * *
An orc wizard comes into view. It is wielding a +0 dagger.
The steam dragon breathes steam at you. The ball of steam hits you!
You die...
Fedhas appreciates your contribution to the ecosystem.

#.. ..#.... ##.# .......
#..# #...... #...###......
#.#...#<..... .
#####+++###.##..)......
#..##...#........#)....#...
#.oo...#y.........)...#.#.
#..yyD@)......<..(...#.
###.#y#......>.........
##hy#................
...#............[....
.........###...........
.?..##.#..###............
.... ..#..##....#.....#..
... o....o##..####...#.. ..
o.. .##.... #....[..


You could see a steam dragon (catching breath, very drained), a hound, 5 killer
bees, an orc wizard and 3 orcs.

Vanquished Creatures
  Prince Ribbit (D:5)
  A wraith (D:7)
  A steam dragon (D:6)
  A water moccasin (D:5)
  An orc warrior (D:6)
  A sky beast (D:5)
  2 black bears (D:5)
  A phantom (D:5)
  A bullfrog (D:2)
  2 gnoll sergeants
  3 scorpions
  4 wights
  A howler monkey (D:4)
  A jelly (D:6)
  4 orc priests
  2 hounds
  An iron imp (D:3)
  An iguana (D:5)
  5 orc wizards
  8 gnolls
  4 adders
  A shadow imp (D:6)
  A white imp (D:4)
  3 worms
  2 dart slugs
  25 orcs
  8 ball pythons
  6 endoplasms
  4 giant cockroaches
  8 goblins
  10 hobgoblins
  4 jackals
  11 kobolds
  2 quokkas
  5 bats
  3 frilled lizards
  6 rats
145 creatures vanquished.

Vanquished Creatures (others)
  An orc (D:6)
  A plant (D:3)
2 creatures vanquished.

Grand Total: 147 creatures vanquished

Notes
Turn   | Place    | Note
-------+----------+-------------------------------------------
     0 | D:1      | mopl the Octopode Hexslinger began the quest for the Orb.
     0 | D:1      | Reached XP level 1. HP: 13/13 MP: 2/2
    93 | D:1      | Reached XP level 2. HP: 10/18 MP: 3/3
   143 | D:1      | Found a faded altar of an unknown god.
   143 | D:1      | Noticed a shining eye
   147 | D:1      | Noticed an eye of devastation
   147 | D:1      | Noticed a floating eye
   147 | D:1      | Noticed a shining eye
   394 | D:1      | Reached skill level 3 in Ranged Weapons
   667 | D:2      | Reached XP level 3. HP: 23/23 MP: 4/4
   668 | D:2      | Found Olyt's Assorted Antiques.
   676 | D:2      | Bought a bubbling yellow potion for 18 gold pieces
   676 | D:2      | Bought a fuming white potion for 18 gold pieces
   676 | D:2      | Bought a purple potion for 18 gold pieces
   951 | D:2      | Learned a level 3 spell: Inner Flame
  1166 | D:2      | Reached XP level 4. HP: 26/28 MP: 3/5
  1576 | D:2      | Bought 3 scrolls labelled JETHRE ZILEGI for 63 gold pieces
  1717 | D:3      | Noticed a bullfrog
  1733 | D:2      | Killed a bullfrog
  1734 | D:2      | Reached skill level 4 in Ranged Weapons
  1734 | D:2      | Reached XP level 5. HP: 3/33 MP: 3/7
  1869 | D:3      | Found a blossoming altar of Fedhas.
  1898 | D:3      | Reached skill level 4 in Hexes
  1966 | D:3      | Found a glowing golden altar of the Shining One.
  2124 | D:3      | Reached skill level 2 in Spellcasting
  2414 | D:3      | Found a snail-covered altar of Cheibriados.
  2601 | D:2      | Bought a scroll labelled HARIOMP LOYDOL for 21 gold pieces
  2601 | D:2      | Bought a scroll labelled HEJEUBB LUMOVO for 21 gold pieces
  2639 | D:3      | Learned a level 3 spell: Portal Projectile
  2725 | D:3      | Reached XP level 6. HP: 26/38 MP: 9/9
  2997 | D:4      | Found a staircase to the Ecumenical Temple.
  3007 | Temple   | Entered the Ecumenical Temple
  3140 | D:3      | Became a worshipper of Fedhas Madash
  3431 | D:4      | Found an ornate altar of the Wu Jian Council.
  3503 | D:4      | Found a broken altar of Ashenzari.
  3610 | D:4      | Found a sacrificial altar of Ru.
  3868 | D:5      | Entered Level 5 of the Dungeon
  3870 | D:5      | Noticed a black bear
  3904 | D:5      | Found a burning altar of Makhleb.
  4031 | D:5      | Killed a black bear
  4032 | D:5      | Reached skill level 5 in Ranged Weapons
  4032 | D:5      | Reached skill level 1 in Translocations
  4032 | D:5      | Reached skill level 1 in Invocations
  4397 | D:5      | Reached XP level 7. HP: 28/43 MP: 11/11
  4655 | D:5      | Reached skill level 2 in Invocations
  4661 | D:5      | Learned a level 4 spell: Cause Fear
  4672 | D:5      | Reached skill level 3 in Spellcasting
  4750 | D:5      | Found a radiant altar of Vehumet.
  4750 | D:5      | Found an ancient bone altar of Kikubaaqudgha.
  4752 | D:5      | Found a shimmering blue altar of Sif Muna.
  4768 | D:5      | Reached * piety under Fedhas
  4769 | D:5      | Reached skill level 2 in Translocations
  4774 | D:5      | Got Vehumet's Dissertation on the Volley
  5010 | D:5      | Reached skill level 6 in Ranged Weapons
  5010 | D:5      | Reached skill level 5 in Hexes
  5010 | D:5      | Reached XP level 8. HP: 34/48 MP: 12/12
  5135 | D:6      | Noticed Prince Ribbit
  5146 | D:5      | Reached skill level 3 in Invocations
  5254 | D:5      | Killed Prince Ribbit
  5365 | D:5      | Reached skill level 3 in Translocations
  5513 | D:6      | Reached skill level 7 in Ranged Weapons
  5906 | D:6      | Reached skill level 4 in Invocations
  6039 | D:6      | Found The Oracle's Delphic Readings.
  6043 | D:6      | Bought a scroll of amnesia for 48 gold pieces
  6043 | D:6      | Bought a scroll of identify for 24 gold pieces
  6043 | D:6      | Bought a scroll of identify for 24 gold pieces
  6043 | D:6      | Bought a scroll of identify for 24 gold pieces
  6130 | D:6      | Found a glowing silver altar of Zin.
  6142 | D:6      | Found a shadowy altar of Dithmenos.
  6525 | D:6      | Reached skill level 6 in Hexes
  6525 | D:6      | Reached XP level 9. HP: 30/53 MP: 9/14
  6864 | D:6      | Reached ** piety under Fedhas
  6902 | D:6      | Found The Oracle's Delphic Readings.
  6979 | D:6      | Found a shadowy altar of Dithmenos.
  6989 | D:6      | Found a glowing silver altar of Zin.
  7208 | D:6      | Reached skill level 8 in Ranged Weapons
  7612 | D:6      | Reached skill level 5 in Invocations
  7941 | D:7      | Killed from afar by a steam dragon

Illustrated notes

Levels and vault maps discovered:
D:1:      psy_arrival_heroes, layout_basic,
          hellmonk_ecumenical_altar_watching_god, serial_rivers,
          chequers_serial_rivers_large_a, chequers_serial_rivers_micro_a,
          chequers_serial_rivers_micro_a, chequers_serial_rivers_marsh,
          chequers_serial_rivers_small_a, chequers_serial_rivers_small_3
D:2:      minmay_wonky_spiral, layout_basic, serial_shops, shop_fountains
D:3:      layout_rooms, tso_oasis_becter,
          mainiacjoe_overflow_concentric_impassable, chei_slow_surprise,
          chequers_jeans, minmay_fractal_squares_5
D:4:      layout_loops_ring, mainiacjoe_overflow_surrounded_room,
          nicolae_ashenzari_panopticon, mainiacjoe_overflow_brackets,
          minmay_temple_entry_arrows
D:5:      layout_basic, grunt_temple_overflow_magic_moments, bloody_makhleb
D:6:      layout_rooms, amethyst_overflow_temple_binary,
          nicolae_nh_oracle_at_delphi, uniq_prince_ribbit1
D:7:      layout_cave_pools, mainiacjoe_overflow_alcove_4
Temple:   hellmonk_temple_of_storms

Skill      XL: |  1  2  3  4  5  6  7  8  9 |
---------------+----------------------------+-----
Ranged Weapons | 3 4 5 6 7 8 |  8.3
Hexes          | 4 5 6 |  6.3
Spellcasting   | 2 3 |  3.8
Translocations | 1 2 3 |  3.0
Invocations    | 1 2 4 5 |  5.1
Fighting       | |  1.0
Dodging        | |  2.0

Action                     |  1- 3 |  4- 6 |  7- 9 || total
---------------------------+-------+-------+-------++-------
  Melee: Unarmed           |     7 |    12 |       ||    19
         Constrict         |     3 |     3 |    26 ||    32
         Tentacles         |     4 |     7 |    43 ||    54
         Short sword       |       |     3 |   142 ||   145
   Fire: Sling             |    80 |   266 |   148 ||   494
  Throw: Dart              |       |       |     4 ||     4
   Cast: Slow              |       |    20 |    18 ||    38
         Inner Flame       |       |       |     1 ||     1
    Use: Potion            |       |     1 |     3 ||     4
         Scroll            |       |     9 |     6 ||    15
   Stab: Sleeping          |       |       |     1 ||     1
 Armour: Skin              |     2 |     5 |     7 ||    14
  Dodge: Dodged            |    31 |   102 |   156 ||   289

Table legend: (Time is in decaauts)
 A = Elapsed time spent in this place.
 B = Non-inter-level travel time spent in this place.
 C = Inter-level travel time spent in this place.
 D = Time resting spent in this place.
 E = Time spent auto-exploring this place.
 F = Levels seen in this place.
 G = Mean time per level.
                   A        B        C        D        E       F      G
               +--------+--------+--------+--------+--------+-----+--------+
         Total |   8049 |   7245 |    804 |   2044 |   3674 |   8 | 1006.1 |
       Dungeon |   7981 |   7211 |    770 |   2044 |   3647 |   7 | 1140.1 |
        Temple |     67 |     34 |     33 |      0 |     27 |   1 |   67.0 |
               +--------+--------+--------+--------+--------+-----+--------+

Top non-repeatable levels by time:
     D:6: 2368 daAuts
     D:2: 1229 daAuts
     D:5: 1224 daAuts
     D:4: 1164 daAuts
     D:3: 1158 daAuts
     D:1: 673 daAuts
     D:7: 163 daAuts
  Temple: 67 daAuts
